 Dungeon Crawl Stone Soup version 0.22-a0-482-g76e0a5f (webtiles) character file.

33 Gildenfire the Charmwright (level 3, 0/21 HPs)
             Began as a Deep Elf Skald on June 17, 2018.
             Slain by a ball python (1 damage)
             ... on level 2 of the Dungeon.
             The game lasted 00:09:43 (1306 turns).

Gildenfire the Charmwright (Deep Elf Skald)         Turns: 1306, Time: 00:09:44

Health: 0/21       AC:  1    Str:  8    XL:     3   Next: 12%
Magic:  9/9        EV: 10    Int: 17    God:
Gold:   103        SH:  0    Dex: 15    Spells: 7/8 levels left

rFire    . . .     SeeInvis .   a - +0 short sword
rCold    . . .     Gourm    .   (no shield)
rNeg     . . .     Faith    .   g - -1 robe (curse)
rPois    .         Spirit   .   (no helmet)
rElec    .         Reflect  .   (no cloak)
rCorr    .         Harm     .   (no gloves)
MR       .....                  (no boots)
Stlth    +.........             (no amulet)
HPRegen  0.07/turn              (no ring)
MPRegen  0.11/turn              (no ring)

@: constricted
A: no striking features
a: no special abilities


You were on level 2 of the Dungeon.
You were not hungry.

You visited 1 branch of the dungeon, and saw 2 of its levels.

You collected 103 gold pieces.

Inventory:

Hand Weapons
 a - a +0 short sword (weapon)
Armour
 b - a +0 leather armour
 g - a cursed -1 robe (worn)
Scrolls
 h - a scroll of identify
Potions
 c - a potion of lignification {unknown}
 e - a potion of invisibility
 f - 2 potions of haste
 i - a potion of curing
 k - a potion of mutation {unknown}
Comestibles
 d - a ration


   Skills:
 + Level 1.9 Fighting
 + Level 2.4 Short Blades
 - Level 0.7 Armour
 + Level 2.9 Dodging
 + Level 3.4 Spellcasting
 + Level 4.8 Charms


You had 7 spell levels left.
You knew the following spells:

 Your Spells              Type           Power        Failure   Level  Hunger
a - Infusion              Chrm           ###.         2%          1    None

Your spell library contained the following spells:

 Spells                   Type           Power        Failure   Level  Hunger
 Regeneration             Chrm/Necr      ##........   19%         3    ###....
 Shroud of Golubria       Chrm/Tloc      ##........   10%         2    ##.....
 Song of Slaying          Chrm           ###.....     3%          2    ##.....
 Spectral Weapon          Hex/Chrm       ##......     19%         3    ###....


Dungeon Overview and Level Annotations

Branches:
Dungeon (2/15)

Altars:


Message History

You closely miss the hobgoblin.
The hobgoblin is heavily wounded.
The hobgoblin hits you with a club.
You barely miss the hobgoblin.
The hobgoblin is heavily wounded.
The hobgoblin hits you but does no damage.
You hit the hobgoblin but do no damage.
The hobgoblin is heavily wounded.
The ball python misses you. The ball python grabs you.
The ball python constricts you.
The hobgoblin hits you but does no damage.
You hit the hobgoblin but do no damage.
The hobgoblin is heavily wounded.
The ball python barely misses you.
* * * LOW HITPOINT WARNING * * *
The ball python constricts you. The hobgoblin hits you with a club.
* * * LOW HITPOINT WARNING * * *
The ball python bites you.
* * * LOW HITPOINT WARNING * * *
You die...

...... ####
...... ..#
...... #.#
....!. #
##.###.....
#..#..........
#.......####
###.#..@$.#
#.##Sg#.# #.
#...... #.
#....#..# #.
#....# .# #.
#...%# .. #.
#....# .
#....# ..##
......#


You could see a hobgoblin and a ball python.

Vanquished Creatures
  4 dart slugs (D:1)
  3 bats (D:1)
  A giant cockroach (D:1)
  6 goblins (D:1)
  A hobgoblin (D:1)
  3 kobolds (D:1)
  A frilled lizard (D:1)
  4 rats (D:1)
23 creatures vanquished.

Notes
Turn   | Place    | Note
-------+----------+-------------------------------------------
     0 | D:1      | Gildenfire the Deep Elf Skald began the quest for the Orb.
     0 | D:1      | Reached XP level 1. HP: 12/12 MP: 6/6
   123 | D:1      | Reached XP level 2. HP: 6/17 MP: 8/8
   718 | D:1      | Reached XP level 3. HP: 14/21 MP: 9/9
  1306 | D:2      | HP: 1/21 [ball python (1)]
  1306 | D:2      | Slain by a ball python

Vault maps used:
D:1:      eino_arrival_tree_alley
D:2:      uniq_sigmund

Action                   || total
-------------------------++-------
Melee: Short sword       ||    94
 Cast: Infusion          ||     2
  Use: Scroll            ||     7
  Eat: Ration            ||     1
Armor: Leather armour    ||    15
       Robe              ||     3
Dodge: Dodged            ||    60

Table legend:
 A = Spawn XP
 B = Non-spawn XP
 C = Spawn XP percentage of total XP
 D = Spawn monster count
 E = Non-spawn monster count
 F = Spawn count percentage of total count
 G = Total turns spent on level
                    A         B        C        D         E        F      G
               +---------+---------+-------+---------+---------+-------+---------
         Total |       0 |      48 |   0.0 |       0 |      23 |   0.0 |  1306
               +---------+---------+-------+---------+---------+-------+---------
           D:1 |       0 |      48 |   0.0 |       0 |      23 |   0.0 |  1256
               +---------+---------+-------+---------+---------+-------+---------
